 Dungeon Crawl Stone Soup version 0.30-a0-465-g8901f6c8b5 (webtiles) character file.

Game seed: 14759288425066570807

266643 Armakuni the Gelid (level 20, -1/129 (133) HPs)
             Began as a Human Ice Elementalist on Dec 16, 2022.
             Was the Champion of Vehumet.
             Killed from afar by an ironbound thunderhulk (26 damage)
             ... with a bolt of lightning
             ... on level 4 of the Vaults on Dec 18, 2022.
             The game lasted 03:34:36 (45038 turns).

Armakuni the Gelid (Human Ice Elementalist)        Turns: 45038, Time: 03:34:37

HP:   -1/129 (133)  AC: 20    Str: 15    XL:     20   Next: 94%
MP:   37/45         EV: 14    Int: 33    God:    Vehumet [******]
Gold: 2227          SH:  6    Dex: 19    Spells: 1/53 levels left

rFire   . . .      SeeInvis .    a - staff of cold
rCold   + + .      Faith    .    m - +0 buckler {rC+}
rNeg    + . .      Spirit   .    K - +6 acid dragon scales
rPois   .          Reflect  .    e - +1 helmet
rElec   .          Harm     .    (no cloak)
rCorr   +          Rampage  .    n - +0 pair of gloves of the Beekeeper {rN+ Dex+6}
Will    ++...      Clarity  +    y - +2 pair of boots
Stlth   ++........               M - amulet of magic regeneration
HPRegen 0.41/turn                I - +6 ring of intelligence
MPRegen 0.69/turn                J - +6 ring of intelligence

@: studying Staves, lightly drained
A: clarity, high MP 1, strong-willed 1, strong 1, wild magic 1
}: 2/15 runes: decaying, serpentine
a: Renounce Religion


You were on level 4 of the Vaults.
You worshipped Vehumet.
Vehumet was exalted by your worship.
You visited 8 branches of the dungeon, and saw 35 of its levels.
You also visited: Sewer, Ice Cave, Volcano and Wizlab.

You collected 4672 gold pieces.
You spent 2445 gold pieces at shops.

Inventory:

Hand Weapons
 b - a +3 demon whip of electrocution
Missiles
 i - a curare-tipped dart (quivered)
 O - 4 throwing nets
Armour
 e - a +1 helmet (worn)
 m - a +0 buckler of cold resistance (worn)
 n - the +0 pair of gloves of the Beekeeper (worn) {rN+ Dex+6}
   (You found it on level 11 of the Dungeon)

   Dex:       It affects your dexterity (+6).
   rN:        It protects you from negative energy.
 y - a +2 pair of boots (worn)
 K - +6 acid dragon scales (worn)
 U - +0 swamp dragon scales
Magical Staves
 a - a staff of cold (weapon)
 h - a staff of air
Jewellery
 I - a +6 ring of intelligence (left hand)
 J - a +6 ring of intelligence (right hand)
 M - an amulet of magic regeneration (around neck)
 P - a ring of poison resistance
Wands
 p - a wand of paralysis (12)
 r - a wand of roots (13)
 u - a wand of digging (6)
 v - a wand of flame (10)
 N - a wand of polymorph (14)
Scrolls
 j - 4 scrolls of poison
 k - 2 scrolls of noise
 l - 7 scrolls of vulnerability
 B - 8 scrolls of teleportation
 C - 2 scrolls of torment
 D - 7 scrolls of fog
 E - a scroll of blinking
 F - a scroll of magic mapping
 Q - 3 scrolls of enchant armour
 R - 7 scrolls of fear
 T - 4 scrolls of immolation
 W - 2 scrolls of butterflies
 Y - 8 scrolls of identify
Potions
 d - 13 potions of curing
 f - 9 potions of lignification
 g - 3 potions of cancellation
 o - 4 potions of berserk rage
 q - 3 potions of haste
 s - 2 potions of invisibility
 t - 2 potions of heal wounds
 w - 5 potions of magic
 x - 5 potions of might
 z - 7 potions of mutation
 A - a potion of flight
 G - 6 potions of ambrosia
 X - 2 potions of resistance
Miscellaneous
 c - a condenser vane


   Skills:
 - Level 5.0 Fighting
 - Level 12.0 Staves
 - Level 5.0 Armour
 - Level 5.0 Dodging
 - Level 2.0 Stealth
 - Level 6.0 Shields
 - Level 17.0 Spellcasting
 - Level 10.0 Conjurations
 - Level 5.6 Summonings
 - Level 10.0 Necromancy
 - Level 10.0 Transmutations
 + Level 20.0 Ice Magic
 - Level 10.0 Evocations


You had one spell level left.
You knew the following spells:

 Your Spells              Type           Power      Damage    Failure   Level
a - Ozocubu's Armour      Ice            100%       N/A       1%          3
b - Polar Vortex          Ice            71%        N/A       21%         9
h - Hailstorm             Conj/Ice       100%       3d20      1%          3
i - Irradiate             Conj/Tmut      44%        3d26      1%          5
j - Freezing Cloud        Conj/Ice/Air   55%        6-21      1%          5
m - Maxwell's Capacitive  Air            18%        ∞         100%        8
o - Ozocubu's Refrigerat  Ice            71%        4d23      1%          7
r - Frozen Ramparts       Ice            100%       1d16      1%          3
s - Simulacrum            Ice/Necr       64%        N/A       1%          6
v - Vampiric Draining     Necr           89%        2d12      1%          3

Your spell library contained the following spells:

 Spells                   Type           Power      Damage    Failure   Level
 Ignition                 Fire           18%        3d7       100%        8
 Shatter                  Erth           18%        3d17*     100%        9
 Foxfire                  Conj/Fire      100%       2x1d9     1%          1
 Freeze                   Ice            100%       1d10      1%          1
 Sting                    Tmut/Pois      100%       1d8       1%          1
 Slow                     Hex            100%       N/A       4%          1
 Ensorcelled Hibernation  Hex/Ice        100%       N/A       1%          2
 Passwall                 Tmut/Erth      56%        N/A       1%          2
 Poisonous Vapours        Pois/Air       72%        N/A       1%          2
 Ice Form                 Ice/Tmut       100%       N/A       1%          4
 Summon Ice Beast         Ice/Summ       100%       N/A       1%          4
 Inner Flame              Hex/Fire       36%        N/A       3%          3
 Fireball                 Conj/Fire      34%        3d14      3%          5
 Yara's Violent Unravell  Hex/Tmut       34%        3d14      3%          5
 Summon Guardian Golem    Hex/Summ       57%        N/A       4%          3
 Olgreb's Toxic Radiance  Pois           36%        N/A       9%          4
 Confusing Touch          Hex            36%        N/A       11%         3
 Gell's Gravitas          Tloc           36%        N/A       11%         3
 Lesser Beckoning         Tloc           72%        N/A       11%         3
 Swiftness                Air            36%        N/A       11%         3
 Teleport Other           Tloc           36%        N/A       11%         3
 Orb of Destruction       Conj           44%        9d12      12%         7
 Starburst                Conj/Fire      34%        6d10      16%         6
 Spellforged Servitor     Conj/Summ      40%        N/A       26%         7
 Summon Forest            Summ/Tloc      28%        N/A       30%         5
 Summon Mana Viper        Hex/Summ       57%        N/A       30%         5
 Cause Fear               Hex            18%        N/A       32%         4
 Summon Cactus Giant      Summ           35%        N/A       45%         6
 Enfeeble                 Hex            18%        N/A       100%        7
 Discord                  Hex            18%        N/A       100%        8


Dungeon Overview and Level Annotations

Branches:
Dungeon (15/15)            Temple (1/1) D:4            Lair (5/5) D:8
  Swamp (4/4) Lair:3        Snake (4/4) Lair:2        Slime (0/5) Lair:5
    Orc (2/2) D:10            Elf (0/3) Orc:2        Vaults (2/5) D:13
 Depths (1/4) D:15          Sewer (visited)           IceCv (visited)
Volcano (visited)          WizLab (visited)
  Crypt: Vaults:2-3

Altars:
Ashenzari
Cheibriados
Dithmenos
Elyvilon
Fedhas
Gozag
Hepliaklqana
Kikubaaqudgha
Makhleb
Nemelex Xobeh
Okawaru
Qazlal
Ru
Sif Muna
Trog
Uskayaw
Vehumet
Wu Jian
Xom
Yredelemnul
Zin
The Shining One
Jiyva

Shops:
D:9 =*   D:10 (   Orc:2 (!:?*   Vaults:1 ?

Portals:
Pandemonium: Orc:2

Annotations:
D:14 1 transporter, heinrich's ghost, journeyman DsGl
Snake:4 Vashnia


Innate Abilities, Weirdness & Mutations

You possess an exceptional clarity of mind.
You have an increased reservoir of magic. (+10% MP)
You are strong-willed. (Will+)
Your muscles are strong. (Str +4, Int/Dex -1)
Your spells are a little harder to cast, but a little more powerful.


Message History

The deep elf death mage hits you but does no damage.
An ironbound convoker comes into view. It is wielding a +0 great mace.
Casting: Ozocubu's Refrigeration (mildly dangerous; 1% risk of failure)
Confirm with . or Enter, or press ? or * to list all spells.
You feel a surge of power!
The heat is drained from your surroundings.
The ironbound convoker is heavily wounded.
The yaktaur is moderately wounded.
The deep elf annihilator is moderately wounded.
The ironbound thunderhulk is heavily wounded.
The deep elf death mage is severely wounded.
You kill the ironbound convoker!
Vehumet accepts your kill.
You feel your power returning.
The phantasmal warrior resists.
The phantasmal warrior is heavily damaged.
The vault warden is heavily wounded.
The vault guard resists.
The vault guard is moderately wounded.
The deep elf death mage gestures at you while chanting.
The bolt of negative energy hits you!! You partially resist.
You feel drained.
Electricity crackles from the ironbound thunderhulk's apparatus.
The bolt of lightning hits you!!!
* * * LOW HITPOINT WARNING * * *
You feel much better.
Electricity crackles from the ironbound thunderhulk's apparatus.
The bolt of lightning hits you!
* * * LOW HITPOINT WARNING * * *
You block the deep elf death mage's attack.
The phantasmal warrior gestures at you.
The phantasmal warrior blinks!
Blink to where?
Press: ? - help, Dir - move target An ancient lich comes into view.
Found a scroll of fear.
As you read the scroll of blinking, it crumbles to dust.
The ancient lich shouts!
A deep troll comes into view. x2
Electricity crackles from the ironbound thunderhulk's apparatus.
The bolt of lightning hits you!!
You die...

#.T. #..T #...
... .. ##'
###..###
#..?.@.### ##C
#..........###...
.....##..........
.Lp. ##.......#
..pe ##)..O...##
.....##..?.......
#.[....p...###.
#p.Wce§###
###..###


You could see an ancient lich, an ironbound thunderhulk, 2 deep trolls, a vault
sentinel (catching breath) and an ironbound convoker.

Vanquished Creatures
  Mara (Vaults:2)
  Saint Roka (Snake:2)
  Nikola (Swamp:3)
  A tentacled monstrosity (Swamp:4)
  2 quicksilver dragons (Snake:4)
  Agnes (Snake:3)
  6 nagarajas
  4 vault wardens (Vaults:1)
  Aizul (Snake:1)
  A balrug (WizLab)
  A juggernaut zombie (D:15)
  An emperor scorpion (shapeshifter) (D:13)
  4 ironbound preservers
  3 very ugly things (Vaults:2)
  A war gargoyle (Vaults:1)
  4 ironbound thunderhulks
  A reaper (WizLab)
  A lorocyproca (WizLab)
  3 eleionomae
  7 bunyips
  2 green deaths (WizLab)
  The ghost of Laemies the Protected, a journeyman DsAK of Lugonu (Orc:1)
  2 shambling mangroves
  Josephine (Lair:5)
  4 entropy weavers
  Harold (Lair:1)
  16 hydras
  A rakshasa (D:15)
  2 demonspawn (Orc:2)
  A peacekeeper (Vaults:1)
  4 catoblepae
  A ghost crab (Swamp:3)
  6 vault guards
  A great orb of eyes (Vaults:2)
  4 boulder beetles
  6 ironbound frosthearts
  6 centaur warriors
  4 salamander tyrants
  6 anacondas
  5 two-headed ogres
  9 death yaks
  6 naga warriors
  5 alligators
  3 shock serpents
  A titan zombie (D:15)
  A tengu warrior (D:15)
  19 naga sharpshooters
  7 orc high priests (Orc:2)
  3 sun demons (WizLab)
  5 spriggans
  7 skeletal warriors
  4 salamander mystics
  2 spriggan druids
  A spark wasp zombie (D:15)
  15 deep trolls
  A flayed ghost (D:15)
  6 goliath frogs
  A shadow demon (WizLab)
  10 naga ritualists
  3 wizards
  9 bog bodies
  2 lindwurms
  7 ironbound convokers
  14 swamp dragons
  2 necromancers
  4 deep elf pyromancers
  4 oklob plants (Lair:3)
  2 phantasmal warriors
  9 ugly things
  A harpy (Vaults:1)
  A stone giant zombie (D:15)
  6 orc knights
  2 cyclopes
  7 orc sorcerers
  12 mana vipers
  3 will-o-the-wisps (Swamp:3)
  6 manticores
  21 salamanders
  3 guardian serpents (Snake:4)
  35 black mambas
  2 elephants
  An ice statue (IceCv)
  5 vault sentinels
  A torpor snail (Lair:3)
  8 naga magi
  A human zombie (Vaults:1)
  An unseen horror (D:10)
  12 yaktaurs
  An unseen horror (shapeshifter) (D:14)
  3 kobold demonologists
  Maggie (D:8)
  A smoke demon (WizLab)
  10 cane toads
  A freezing wraith (D:15)
  A tormentor (WizLab)
  Psyche (D:8)
  2 hellwings (Orc:2)
  2 ice devils
  8 komodo dragons
  A tengu conjurer (D:15)
  A queen bee (Lair:3)
  8 trolls
  A meliai (shapeshifter) (D:13)
  A wolf spider simulacrum (D:15)
  3 bloated husks
  14 polar bears
  7 tyrant leeches
  2 tarantellas
  8 blink frogs (Lair:5)
  19 slime creatures
  9 hornets
  Prince Ribbit (D:8)
  A blink frog (shapeshifter) (D:13)
  A stone giant simulacrum (Vaults:1)
  A jumping spider (Vaults:1)
  A vampire (D:12)
  55 yaks
  Sigmund (D:6)
  2 ynoxinuls (WizLab)
  3 wraiths (Lair:5)
  5 water elementals (D:15)
  4 basilisks
  7 wyverns
  3 steam dragons
  5 redbacks
  3 chaos spawn (WizLab)
  2 fire bats (Volcano)
  16 vampire mosquitoes
  2 wargs (Orc:1)
  Menkaure (D:4)
  14 nagas
  3 acid dragons
  18 swamp worms
  2 hell hounds (Volcano)
  10 water moccasins
  A glowing shapeshifter skeleton (Vaults:1)
  2 sky beasts
  22 orc warriors
  5 swamp drakes (Swamp:4)
  3 black bears
  4 ogres
  3 boggarts (Vaults:1)
  26 wolves
  5 centaurs
  2 phantoms
  2 kobold brigands
  A necrophage (D:6)
  8 bullfrogs
  2 scorpions
  5 gnoll sergeants
  A glowing shapeshifter simulacrum (Vaults:1)
  5 wights
  32 killer bees
  3 electric eels
  10 howler monkeys
  15 jellies
  24 orc priests
  2 gnoll boudas
  4 hounds
  4 iguanas
  Natasha (thrice) (D:2)
  18 orc wizards
  7 hell rats (Lair:3)
  A merfolk siren (Sewer)
  A merfolk avatar (Sewer)
  Robin (D:1)
  10 adders
  3 river rats
  24 gnolls
  A shadow imp (D:7)
  11 white imps (Lair:1)
  An ufetubus (D:5)
  2 worms
  2 dart slugs
  65 orcs
  10 ball pythons
  3 endoplasms
  6 giant cockroaches
  14 goblins
  15 hobgoblins
  4 jackals
  4 bats
  7 frilled lizards
  22 kobolds
  19 rats
1120 creatures vanquished.

Vanquished Creatures (collateral kills)
  A nagaraja (Snake:4)
  A centaur warrior (D:13)
  3 vault guards (D:13)
  A catoblepas (Lair:5)
  2 death yaks (Lair:5)
  A sun demon (Orc:2)
  A naga ritualist (Snake:1)
  2 mana vipers (Snake:2)
  An orc sorcerer (Orc:2)
  A salamander (Snake:2)
  8 black mambas
  3 naga magi
  A cane toad (Lair:4)
  4 rime drakes
  3 polar bears (IceCv)
  Grinder (D:5)
  2 slime creatures (D:15)
  A ynoxinul (Orc:2)
  A wraith (Lair:5)
  8 yaks
  4 basilisks
  A naga (Snake:4)
  A hell hound (Volcano)
  4 orc warriors
  2 black bears
  3 wolves (IceCv)
  3 centaurs
  A kobold brigand (D:7)
  3 bullfrogs
  3 wights (D:8)
  A killer bee (Lair:3)
  A howler monkey (D:12)
  8 orc priests
  3 gnolls
  A river rat (Sewer)
  3 white imps
  6 orcs
94 creatures vanquished.

Vanquished Creatures (others)
  A deep elf knight (D:14)
  A manticore (D:14)
  An orc (D:10)
  A kobold (D:12)
  2 foxfires (Swamp:3)
  31 fungi
  69 plants
  7 withered plants (D:15)
113 creatures vanquished.

Grand Total: 1327 creatures vanquished

Notes
Turn   | Place    | Note
-------+----------+-------------------------------------------
     0 | D:1      | Armakuni the Human Ice Elementalist began the quest for the
                  | Orb.
     0 | D:1      | Reached XP level 1. HP: 13/13 MP: 3/3
   156 | D:1      | Reached XP level 2. HP: 19/19 MP: 1/5
   751 | D:2      | Noticed Robin
   817 | D:2      | Reached XP level 3. HP: 22/24 MP: 4/6
   894 | D:2      | Reached skill level 5 in Ice Magic
   906 | D:1      | Learned a level 3 spell: Frozen Ramparts
   909 | D:2      | Noticed Natasha
   916 | D:1      | Killed Robin
   969 | D:2      | Killed Natasha
   970 | D:2      | Reached XP level 4. HP: 13/30 MP: 1/7
  1334 | D:2      | Identified the +1 robe "Diluleso" {Int+3}
  1648 | D:2      | Noticed Natasha
  1650 | D:2      | Killed Natasha
  1651 | D:2      | Reached skill level 6 in Ice Magic
  1651 | D:2      | Reached XP level 5. HP: 35/35 MP: 2/8
  2221 | D:2      | You are sucked into a shaft and drop 1 floor!
  2229 | D:3      | Found a snail-covered altar of Cheibriados.
  2424 | D:2      | Noticed Natasha
  2429 | D:2      | Killed Natasha
  2539 | D:3      | Reached XP level 6. HP: 38/41 MP: 5/9
  2541 | D:3      | Reached skill level 7 in Ice Magic
  3230 | D:3      | Reached skill level 1 in Evocations
  3520 | D:4      | Identified a scroll of acquirement
  3520 | D:4      | Acquired a staff of cold
  3547 | D:4      | Found a staircase to the Ecumenical Temple.
  3553 | Temple   | Entered the Ecumenical Temple
  3628 | Temple   | Became a worshipper of Vehumet
  3749 | D:4      | Learned a level 4 spell: Summon Ice Beast
  3834 | D:4      | Noticed Menkaure
  3844 | D:4      | Killed Menkaure
  3845 | D:4      | Reached XP level 7. HP: 46/46 MP: 10/10
  3884 | D:4      | Found a basalt altar of Yredelemnul.
  4639 | D:5      | Entered Level 5 of the Dungeon
  4691 | D:4      | Reached skill level 8 in Ice Magic
  4870 | D:5      | Found a glowing drain.
  4874 | Sewer    | Entered a sewer
  4960 | Sewer    | Reached XP level 8. HP: 52/52 MP: 11/11
  5108 | Sewer    | Reached * piety under Vehumet
  5108 | Sewer    | Offered knowledge of Shock by Vehumet.
  5374 | D:5      | Noticed Grinder
  5398 | D:5      | Killed Grinder
  5399 | D:5      | Reached skill level 9 in Ice Magic
  5566 | D:5      | Found a broken altar of Ashenzari.
  5701 | D:5      | Found a white marble altar of Elyvilon.
  5708 | D:5      | Reached skill level 10 in Ice Magic
  5770 | D:5      | Reached skill level 5 in Evocations
  5770 | D:5      | Reached XP level 9. HP: 35/57 MP: 10/12
  6126 | D:5      | Acquired a book of the Tundra
  6172 | D:6      | Offered knowledge of Momentum Strike by Vehumet.
  6175 | D:6      | Reached ** piety under Vehumet
  6222 | D:6      | Noticed Sigmund
  6233 | D:6      | Killed Sigmund
  6586 | D:6      | Found an ornate altar of the Wu Jian Council.
  6836 | D:6      | Learned a level 3 spell: Hailstorm
  6899 | D:6      | Noticed a nameless horror
  7255 | D:7      | Reached skill level 1 in Summonings
  7481 | D:7      | Offered knowledge of Scorch by Vehumet.
  7488 | D:7      | Reached XP level 10. HP: 63/63 MP: 3/13
  7492 | D:7      | Reached skill level 5 in Summonings
  8326 | D:8      | Noticed Psyche
  8332 | D:8      | Killed Psyche
  8397 | D:8      | Noticed Prince Ribbit
  8405 | D:8      | Killed Prince Ribbit
  8405 | D:8      | Reached *** piety under Vehumet
  8443 | D:8      | Reached skill level 5 in Spellcasting
  8443 | D:8      | Reached skill level 1 in Conjurations
  8769 | D:8      | Noticed an elephant
  8792 | D:8      | Killed an elephant
  8878 | D:8      | Noticed Maggie
  8883 | D:8      | Killed Maggie
  9011 | D:8      | Found a staircase to the Lair.
  9021 | D:8      | Offered knowledge of Flame Wave by Vehumet.
  9024 | D:8      | Reached XP level 11. HP: 52/68 MP: 10/18
  9310 | D:8      | Reached skill level 10 in Evocations
  9311 | D:8      | Reached skill level 1 in Fighting
  9311 | D:8      | Reached skill level 1 in Staves
  9803 | Lair:1   | Entered Level 1 of the Lair of Beasts
  9858 | D:8      | Learned a level 3 spell: Ozocubu's Armour
 10018 | Lair:1   | Reached **** piety under Vehumet
 10025 | Lair:1   | Noticed Harold
 10089 | Lair:1   | Killed Harold
 10090 | Lair:1   | Reached skill level 5 in Fighting
 10090 | Lair:1   | Reached skill level 5 in Staves
 10140 | Lair:1   | Offered knowledge of Airstrike by Vehumet.
 10146 | Lair:1   | Found a frozen archway.
 10160 | IceCv    | Entered an ice cave
 10200 | IceCv    | Reached skill level 1 in Armour
 10330 | IceCv    | Noticed a death yak
 10333 | IceCv    | Noticed a death yak
 10359 | IceCv    | Killed a death yak
 10363 | IceCv    | Killed a death yak
 10364 | IceCv    | Reached XP level 12. HP: 62/86 MP: 7/19
 10654 | IceCv    | Reached skill level 5 in Dodging
 10659 | IceCv    | Reached skill level 5 in Armour
 10861 | IceCv    | Reached ***** piety under Vehumet
 11186 | IceCv    | Offered knowledge of Conjure Ball Lightning by Vehumet.
 11495 | IceCv    | Noticed an ironbound frostheart
 11496 | IceCv    | Noticed an ironbound frostheart
 11506 | IceCv    | Killed an ironbound frostheart
 11944 | IceCv    | Killed an ironbound frostheart
 12052 | IceCv    | Found the ring of the Octopus King
 12065 | IceCv    | Identified a ring of the Octopus King {rF+ HP+2 AC+2 EV+2
                  | SH+2}
 12208 | Lair:1   | Reached XP level 13. HP: 86/91 MP: 26/26
 12282 | Lair:1   | Reached skill level 1 in Shields
 12801 | Lair:2   | Found a staircase to the Snake Pit.
 13492 | Lair:3   | Found a staircase to the Swamp.
 13549 | Lair:3   | Reached skill level 5 in Conjurations
 13966 | Lair:3   | Reached skill level 5 in Shields
 15769 | Lair:5   | Entered Level 5 of the Lair of Beasts
 15896 | Lair:5   | Noticed a five-headed hydra
 15905 | Lair:5   | Killed a five-headed hydra
 16057 | Lair:5   | Noticed Nessos
 16061 | Lair:5   | Nessos changed into Nessos the elephant
 16061 | Lair:5   | Noticed Nessos
 16069 | Lair:5   | Killed Nessos the elephant
 16070 | Lair:5   | Reached XP level 14. HP: 98/98 MP: 18/27
 16484 | Lair:5   | Reached skill level 10 in Conjurations
 16541 | Lair:5   | Noticed Josephine
 16553 | Lair:5   | Killed Josephine
 16561 | Lair:5   | Reached skill level 10 in Spellcasting
 16831 | Lair:5   | Learned a level 6 spell: Simulacrum
 16874 | Lair:5   | Reached skill level 1 in Necromancy
 17115 | Lair:5   | Found a staircase to the Slime Pits.
 17122 | Lair:5   | Found a viscous altar of Jiyva.
 17591 | Lair:5   | Reached skill level 5 in Necromancy
 18451 | Lair:5   | Identified the +12 quick blade "Woubrin" {vorpal, +Blink
                  | Fly rF+ Dex+2}
 18646 | Lair:1   | Upgraded the game from 0.30-a0-462-gd5975efbca to
                  | 0.30-a0-465-g8901f6c8b5
 18718 | D:9      | Offered knowledge of Irradiate by Vehumet.
 18900 | D:9      | Learned a level 7 spell: Ozocubu's Refrigeration
 18996 | D:9      | Found Juuhima's Jewellery Emporium.
 19024 | D:9      | Bought an amulet of magic regeneration for 390 gold pieces
 19121 | D:9      | Found Zin's Purification Station.
 19123 | D:9      | Found a glowing silver altar of Zin.
 19499 | D:10     | Entered Level 10 of the Dungeon
 19502 | D:10     | Found a staircase to the Orcish Mines.
 19938 | D:10     | Found a shadowy altar of Dithmenos.
 20172 | D:10     | Reached XP level 15. HP: 103/103 MP: 29/29
 20410 | D:10     | Found Weokheil's Weapon Emporium.
 20681 | Orc:1    | Entered Level 1 of the Orcish Mines
 20897 | Orc:1    | Found a dark tunnel.
 20933 | Volcano  | Entered a volcano
 21047 | Volcano  | Reached skill level 10 in Necromancy
 21325 | Orc:1    | Reached skill level 11 in Ice Magic
 21562 | Orc:1    | Found a runed translucent gate.
 21562 | Orc:1    | Found a runed translucent gate.
 21562 | Orc:1    | Found a runed translucent gate.
 21564 | Orc:1    | Found an opulent altar of Gozag.
 21566 | Orc:1    | Noticed Laemies's ghost (journeyman DsAK)
 21972 | Orc:2    | Entered Level 2 of the Orcish Mines
 22032 | Orc:2    | Learned a level 5 spell: Irradiate
 22262 | Orc:2    | Found a staircase to the Elven Halls.
 22269 | Orc:2    | Found Patob's Assorted Antiques.
 22329 | Orc:2    | Offered knowledge of Iron Shot by Vehumet.
 22478 | Orc:2    | Found Qid Seo's Magic Scroll Shop.
 22490 | Orc:2    | Found Yseaq's Distillery.
 22498 | Orc:2    | Reached ****** piety under Vehumet
 22588 | Orc:2    | Bought a scroll of blinking for 90 gold pieces
 22588 | Orc:2    | Bought a scroll of teleportation for 36 gold pieces
 23139 | Orc:2    | Found Heuruss's Book Emporium.
 23139 | Orc:2    | Found Ynnuamm's Antique Weapon Shoppe.
 23139 | Orc:2    | Found a one-way gate leading to the halls of Pandemonium.
 23538 | Orc:2    | Bought a manual of Staves for 1200 gold pieces
 23686 | Orc:1    | Killed Laemies's ghost
 23756 | D:11     | Identified the +0 pair of gloves of the Beekeeper {rN+
                  | Dex+6}
 24077 | D:11     | Reached skill level 12 in Ice Magic
 24277 | D:12     | Reached XP level 16. HP: 109/109 MP: 27/32
 24493 | D:12     | Offered knowledge of Freezing Cloud by Vehumet.
 24505 | D:12     | Learned a level 5 spell: Freezing Cloud
 25566 | D:13     | Found a gate to the Vaults.
 25923 | D:13     | Noticed an emperor scorpion
 25936 | D:13     | Killed an emperor scorpion
 26167 | D:13     | Reached skill level 13 in Ice Magic
 26745 | D:14     | Found a transporter.
 26767 | D:14     | Noticed heinrich's ghost (journeyman DsGl)
 26776 | D:14     | Found a transporter.
 26826 | D:14     | Reached skill level 10 in Staves
 27242 | D:15     | Entered Level 15 of the Dungeon
 27347 | D:14     | Offered knowledge of Lightning Bolt by Vehumet.
 27480 | D:14     | Gained mutation: Potions are less effective at restoring
                  | your health. [mutagenic glow]
 27641 | D:14     | Lost mutation: Potions are less effective at restoring your
                  | health. [potion of mutation]
 27641 | D:14     | Gained mutation: You are vulnerable to cold. (rC-) [potion
                  | of mutation]
 27641 | D:14     | Gained mutation: You are robust. (+10% HP) [potion of
                  | mutation]
 27642 | D:14     | Lost mutation: You are robust. (+10% HP) [potion of
                  | mutation]
 27642 | D:14     | Lost mutation: You are vulnerable to cold. (rC-) [potion of
                  | mutation]
 27642 | D:14     | Gained mutation: You have an increased reservoir of magic.
                  | (+10% MP) [potion of mutation]
 27642 | D:14     | Gained mutation: You possess an exceptional clarity of
                  | mind. [potion of mutation]
 27642 | D:14     | Gained mutation: You are strong-willed. (Will+) [potion of
                  | mutation]
 27642 | D:14     | Gained mutation: Your muscles are strong. (Str +4, Int/Dex
                  | -1) [potion of mutation]
 27754 | D:15     | Found a staircase to the Depths.
 27978 | D:15     | Reached skill level 1 in Transmutations
 29065 | D:15     | Reached skill level 5 in Transmutations
 29884 | Snake:1  | Entered Level 1 of the Snake Pit
 30000 | Snake:1  | Reached XP level 17. HP: 67/115 MP: 33/36
 30385 | Snake:1  | Noticed Aizul
 30392 | Snake:1  | Killed Aizul
 30974 | Snake:2  | Noticed Saint Roka
 31671 | Snake:2  | Killed Saint Roka
 31973 | Snake:2  | Reached skill level 10 in Transmutations
 32022 | Snake:2  | Offered knowledge of Iskenderun's Battlesphere by Vehumet.
 32270 | Snake:2  | Reached skill level 14 in Ice Magic
 32453 | Snake:2  | Learned a level 3 spell: Vampiric Draining
 33086 | Snake:3  | Reached skill level 15 in Ice Magic
 33171 | Snake:3  | Noticed Agnes
 33178 | Snake:3  | Killed Agnes
 33667 | Snake:3  | Identified the ring of Uwytzol {rN+ Int+2}
 33669 | Snake:3  | Reached XP level 18. HP: 121/121 MP: 32/37
 33951 | Snake:4  | Entered Level 4 of the Snake Pit
 34147 | Snake:4  | Reached skill level 16 in Ice Magic
 34490 | Snake:4  | Noticed Vashnia
 34497 | Snake:4  | Offered knowledge of Maxwell's Capacitive Coupling by
                  | Vehumet.
 34502 | Snake:4  | Reached skill level 17 in Ice Magic
 35398 | Snake:4  | Noticed a quicksilver dragon
 35402 | Snake:4  | Noticed a quicksilver dragon
 35408 | Snake:4  | Killed a quicksilver dragon
 35760 | Snake:4  | Killed a quicksilver dragon
 35761 | Snake:4  | Reached skill level 18 in Ice Magic
 36044 | Snake:4  | Got a serpentine rune of Zot
 36380 | Swamp:1  | Entered Level 1 of the Swamp
 37441 | Swamp:2  | Reached XP level 19. HP: 123/126 MP: 29/38
 37907 | Swamp:2  | Reached skill level 19 in Ice Magic
 38363 | Swamp:3  | Noticed Nikola
 38371 | Swamp:3  | Killed Nikola
 38722 | Swamp:3  | Acquired 1135 gold pieces
 38949 | Swamp:4  | Entered Level 4 of the Swamp
 39334 | Swamp:4  | Learned a level 8 spell: Maxwell's Capacitive Coupling
 39399 | Swamp:4  | Offered knowledge of Shatter by Vehumet.
 39399 | Swamp:4  | Offered knowledge of Polar Vortex by Vehumet.
 39399 | Swamp:4  | Offered knowledge of Ignition by Vehumet.
 39602 | Swamp:4  | Got a decaying rune of Zot
 40271 | Swamp:4  | Noticed a tentacled monstrosity
 40277 | Swamp:4  | Killed a tentacled monstrosity
 40926 | Depths:1 | Entered Level 1 of the Depths
 40997 | Vaults:1 | Entered Level 1 of the Vaults
 41306 | Vaults:1 | Reached skill level 15 in Spellcasting
 41306 | Vaults:1 | Reached XP level 20. HP: 101/133 MP: 42/42
 41312 | Vaults:1 | Found a magical portal.
 41347 | WizLab   | Entered Doroklohe's Tomb
 41560 | WizLab   | Noticed a Hell Sentinel
 41691 | WizLab   | Gained mutation: Your spells are a little harder to cast,
                  | but a little more powerful. [a neqoxec]
 41802 | WizLab   | Identified the +8 broad axe of Fortitude {drain, *Slow
                  | Str+2 Int+5 Dex+4}
 42640 | Vaults:1 | Found Senkats's Magic Scroll Shoppe.
 42704 | Vaults:1 | Bought a scroll of blinking for 127 gold pieces
 42704 | Vaults:1 | Bought a scroll of teleportation for 51 gold pieces
 42704 | Vaults:1 | Bought a scroll of magic mapping for 127 gold pieces
 42704 | Vaults:1 | Bought a scroll of enchant armour for 127 gold pieces
 42704 | Vaults:1 | Bought a scroll of brand weapon for 161 gold pieces
 42705 | Vaults:1 | Bought a scroll of fog for 68 gold pieces
 42705 | Vaults:1 | Bought a scroll of fog for 68 gold pieces
 43170 | Vaults:1 | Learned a level 9 spell: Polar Vortex
 44868 | Vaults:2 | Noticed Mara
 44873 | Vaults:2 | Noticed Armakuni's illusion
 44873 | Vaults:2 | Killed Mara
 44950 | Vaults:2 | Reached skill level 20 in Ice Magic
 45027 | Vaults:2 | You fall into a shaft and drop 2 floors!
 45038 | Vaults:4 | Noticed an ancient lich
 45038 | Vaults:4 | Killed from afar by an ironbound thunderhulk

Illustrated notes

Levels and vault maps discovered:
D:1:      roderic_chinese_lattice_arrival, layout_rooms, chequers_mini_garden,
          skrybe_limestone_x
D:2:      layout_basic, serial_bayou, serial_bayou_shore_a, serial_bayou_ford_a,
          serial_bayou_pond_a, serial_bayou_lake_a, minmay_mini_jars,
          uniq_natasha, uniq_robin
D:3:      layout_basic, mainiacjoe_overflow_alcove_1, minmay_goblin_kobold_house
D:4:      layout_gridville, mainiacjoe_overflow_surrounded_room,
          minmay_temple_entry_gardened_gates, chequers_serial_rivers_small_b,
          uniq_menkaure
D:5:      layout_rooms, cheibrodos_ashenzari_chains, elyvilon_altar_1,
          gup_sewer_entry_bowl, uniq_grinder
D:6:      layout_gridville, mainiacjoe_overflow_24_doors, uniq_sigmund
D:7:      layout_loops_ring
D:8:      layout_rooms, david_lair_generic, kennysheep_generic_room_6,
          uniq_maggie, uniq_psyche, uniq_prince_ribbit1
D:9:      layout_basic, zin_purify, serial_shops, nicolae_square_shop
D:10:     layout_irregular_city, marbit_many_paths, david_orc_2, serial_shops,
          nicolae_lakefront_shop, minivault_14, kennysheep_donut,
          chequers_serial_rivers_large_b, nicolae_twisting_strands
D:11:     layout_rooms
D:12:     layout_layer_cave, lemuel_old_faithful
D:13:     layout_irregular_city, erik_vaults_2
D:14:     layout_irregular_city, nzn_ghost_randoct
D:15:     gammafunk_depths_entry_grave, layout_basic, minmay_fountain_box
Temple:   hellmonk_temple_of_storms
Lair:1:   layout_hall_layers, portal_ice_cave_entry_imps, st_stairs_11,
          grunt_megastairs_3, uniq_harold
Lair:2:   layout_hall_layers, dummy_snake_entry, infiniplex_staircase_pool
Lair:3:   layout_roguey [special_room_bee], skrybe_swamp_entry_bodies,
          dpeg_oklob_1
Lair:4:   layout_gridlike
Lair:5:   evilmike_catoblepas_cave, layout_regular_city,
          minmay_slime_entry_jelly_boxes, uniq_josephine, uniq_nessos
Swamp:1:  layout_basic_swamp, hangedman_swamp_blocks, swamp_pool1
Swamp:2:  layout_falls_marsh, nicolae_swamp_trees_clearing
Swamp:3:  layout_basic_swamp, infiniplex_staircase_pool_2, uniq_nikola
Swamp:4:  swamp_alternative, layout_basic_swamp, swamp_pool3
Snake:1:  layout_onion_interference, uniq_aizul
Snake:2:  layout_cave_town, nicolae_snake_salamander_fort, grunt_megastairs_5,
          uniq_saint_roka
Snake:3:  layout_cave_town, grunt_ministairs_9, nicolae_snake_squiggles,
          uniq_agnes
Snake:4:  hellmonk_snake_rune_quicksilver_temple, layout_rooms,
          nicolae_snake_omega, uniq_vashnia
Orc:1:    layout_diamond_mine, ebering_ghost_gozag,
          nicolae_volcano_entry_vermiform, nicolae_orc_sculptors_studio,
          minmay_orc_keep
Orc:2:    pf_orc_diabolical, layout_diamond_mine, serial_shops,
          nicolae_shop_stone
Vaults:1: infiniplex_enter_wizlab_water, vaults_dpeg_ring, v_misc_11, v_misc_11,
          hangedman_vaults_corner_blocks, nicolae_vaults_lopsided_apartments,
          hangedman_vaults_capsules, v_misc_23, hangedman_vaults_slice,
          layout_vaults_chaotic_city, serial_shops, shop
Vaults:2: v_misc_5, ontoclasm_vaults_shuriken, vaults_room_corners, v_misc_33,
          vaults_room_fours, hangedman_vaults_maws, v_misc_4,
          nicolae_vaults_quartermaster, v_alt_pattern_4,
          ontoclasm_vaults_gateway, layout_vaults_omnicross,
          nicolae_trove_entry_columns, uniq_mara
Vaults:4: hangedman_vaults_stagger, v_pattern_5, st_star, v_misc_17,
          hangedman_vaults_pinch, vaults_room_door_ring,
          nicolae_vaults_little_squares_4, v_rooms_5, nicolae_vaults_theta,
          v_misc_5, dpeg_vaults_monster_box, layout_vaults_maze_bifur,
          serial_shops, nicolae_shop_temple_entry_statues_fountains,
          uniq_sojobo, uniq_donald, uniq_zenata
Depths:1: layout_basic, hangedman_coc_ice_floe, serial_shops, shop_fountains,
          abyss_entry_flame_altar, nicolae_gozag_seed_capital, minmay_liquid_box

Skill      XL: |  1  2  3  4  5  6  7  8  9 10 11 12 13 14 15 16 17 18 19 20 |
---------------+-------------------------------------------------------------+-----
Ice Magic      | 5 6 7 8 10 12 13 15 18 19 20 | 20.0
Evocations     | 2 4 5 8 9 10 | 10.0
Summonings     | 4 5 |  5.6
Spellcasting   | 5 9 10 12 15 17 | 17.0
Conjurations   | 4 9 10 | 10.0
Fighting       | 5 |  5.0
Staves         | 5 6 11 12 | 12.0
Armour         | 3 5 |  5.0
Dodging        | 4 5 |  5.0
Shields        | 6 |  6.0
Necromancy     | 9 10 | 10.0
Transmutations | 6 10 | 10.0
Stealth        | |  2.0

Action                   |  1- 3 |  4- 6 |  7- 9 | 10-12 | 13-15 | 16-18 | 19-21 || total
-------------------------+-------+-------+-------+-------+-------+-------+-------++-------
Melee: Unarmed           |     5 |       |       |       |       |       |       ||     5
       Mace              |    13 |    35 |       |       |       |       |       ||    48
       Whip              |     2 |       |       |       |       |       |       ||     2
       Staff             |       |     4 |   164 |   167 |   560 |   328 |   253 ||  1476
       Punch             |       |     1 |     4 |     4 |       |       |       ||     9
       Demon whip        |       |       |       |       |       |       |    40 ||    40
 Fire: Sling             |       |    18 |       |       |       |       |       ||    18
Throw: Throwing net      |       |       |       |       |     5 |     4 |       ||     9
       Dart              |       |       |       |       |     2 |     5 |     1 ||     8
 Cast: Freeze            |    38 |    22 |    36 |     7 |    25 |       |       ||   128
       Frozen Ramparts   |     1 |    14 |    26 |    31 |    70 |    45 |     4 ||   191
       Summon Ice Beast  |       |       |     8 |    35 |    39 |     3 |       ||    85
       Hailstorm         |       |       |     5 |    58 |   169 |    55 |    78 ||   365
       Ozocubu's Armour  |       |       |       |     8 |    28 |     7 |     2 ||    45
       Simulacrum        |       |       |       |       |    11 |    34 |       ||    45
       Freezing Cloud    |       |       |       |       |       |    58 |    52 ||   110
       Irradiate         |       |       |       |       |       |    18 |     8 ||    26
       Ozocubu's Refrige |       |       |       |       |       |   152 |   113 ||   265
Evoke: Wand              |       |     3 |     5 |    10 |    13 |    12 |     5 ||    48
       Condenser vane    |       |       |       |       |     1 |     3 |       ||     4
  Use: Scroll            |       |    10 |     7 |     4 |    25 |     9 |    19 ||    74
       Potion            |       |       |     2 |     2 |     1 |     6 |    20 ||    31
 Stab: Sleeping          |       |     3 |     5 |     1 |     4 |     2 |       ||    15
       Paralysed         |       |     3 |    10 |     2 |     5 |       |       ||    20
       Petrified         |       |       |       |       |     6 |       |       ||     6
       Distracted        |       |       |       |       |     1 |       |       ||     1
       Petrifying        |       |       |       |       |     1 |       |       ||     1
       Held in net/web   |       |       |       |       |     4 |       |       ||     4
Armor: Robe              |     7 |    19 |    87 |   117 |       |       |       ||   230
       Animal skin       |       |     1 |       |       |       |       |       ||     1
       Acid dragon scale |       |       |       |     3 |   288 |   164 |   127 ||   582
Dodge: Dodged            |    34 |    54 |   148 |   225 |   411 |   224 |   131 ||  1227
Block: Other             |       |       |       |     2 |     4 |       |       ||     6
       Buckler           |       |       |       |       |   225 |   102 |    61 ||   388

Table legend: (Time is in decaauts)
 A = Elapsed time spent in this place.
 B = Non-inter-level travel time spent in this place.
 C = Inter-level travel time spent in this place.
 D = Time resting spent in this place.
 E = Time spent auto-exploring this place.
 F = Levels seen in this place.
 G = Mean time per level.
                   A        B        C        D        E       F      G
               +--------+--------+--------+--------+--------+-----+--------+
         Total |  45206 |  43275 |   1931 |  14110 |  18747 |  39 | 1159.1 |
       Dungeon |  18021 |  17121 |    900 |   4111 |   9528 |  15 | 1201.4 |
        Temple |     82 |     82 |      0 |      0 |     22 |   1 |   82.0 |
          Lair |   7055 |   6657 |    398 |   2037 |   3133 |   5 | 1411.0 |
         Swamp |   4355 |   4219 |    136 |   1665 |   1775 |   4 | 1088.8 |
     Snake Pit |   6365 |   6141 |    224 |   2755 |   1747 |   4 | 1591.2 |
  Orcish Mines |   2703 |   2494 |    209 |    578 |   1080 |   2 | 1351.5 |
        Vaults |   3327 |   3265 |     62 |   1380 |   1023 |   3 | 1109.0 |
        Depths |      3 |      3 |      0 |      0 |      0 |   1 |    3.0 |
         Sewer |    477 |    477 |      0 |    123 |    102 |   1 |  477.0 |
      Ice Cave |   1955 |   1955 |      0 |   1200 |    275 |   1 | 1955.0 |
       Volcano |    331 |    331 |      0 |     88 |     59 |   1 |  331.0 |
        Wizlab |    526 |    526 |      0 |    170 |      0 |   1 |  526.0 |
               +--------+--------+--------+--------+--------+-----+--------+

Top non-repeatable levels by time:
Vaults:1: 2641 daAuts
  Lair:5: 2595 daAuts
    D:15: 2180 daAuts
   IceCv: 1955 daAuts
 Snake:4: 1845 daAuts
     D:8: 1642 daAuts
 Swamp:4: 1614 daAuts
   Orc:2: 1586 daAuts
  Lair:3: 1577 daAuts
 Snake:2: 1568 daAuts
 Snake:1: 1517 daAuts
     D:4: 1468 daAuts
     D:2: 1462 daAuts
 Snake:3: 1434 daAuts
    D:14: 1410 daAuts
